 Dungeon Crawl Stone Soup version bcrawl-1.21.3 (webtiles) character file.

Game seed: 6082445403818644508

2961 Freyura the Fighter (level 9, -8/82 HPs)
             Began as a Hill Orc Fighter on Apr 10, 2020.
             Was a Follower of Beogh.
             Mangled by a two-headed ogre
             ... wielding a +0 giant club
              (23 damage)
             ... on level 6 of the Dungeon.
             The game lasted 00:17:09 (6834 turns).

Freyura the Fighter (Hill Orc Fighter)              Turns: 6834, Time: 00:17:10

Health: -8/82      AC: 14    Str: 25    XL:     9   Next: 81%
Magic:  13/13      EV:  7    Int:  8    God:    Beogh [*.....]
Gold:   291        SH: 11    Dex: 13    Spells: 8/8 levels left

rFire    . . .     SeeInvis +   H - +5 flail "Sacij" {crush, Str+6}
rCold    . . .     Gourm    .   c - +0 medium shield
rNeg     . . .     Faith    .   F - +0 chain mail
rPois    +         Spirit   .   (helmet restricted)
rElec    .         Reflect  .   (no cloak)
rCorr    .         Harm     .   D - +0 pair of gloves
MR       .....                  (no boots)
Stlth    ..........             (no amulet)
HPRegen  0.23/turn              g - ring of see invisible
MPRegen  0.13/turn              C - ring of poison resistance

@: no status effects
A: horns 1, icy blue scales 1, wild magic 1
a: Renounce Religion


You were on level 6 of the Dungeon.
You worshipped Beogh.
Beogh was aware of your devotion.
You were hungry.

You visited 1 branch of the dungeon, and saw 7 of its levels.

You collected 291 gold pieces.

Inventory:

Hand Weapons
 r - a +0 flail of crushing
 w - a +0 war axe of freezing
 E - a +3 flail of holy wrath
 H - the +5 flail "Sacij" (weapon) {crush, Str+6}
   (You found it on level 6 of the Dungeon)

   It inflicts extra damage upon your enemies.
   It affects your strength (+6).
Armour
 b - a +0 scale mail
 c - a +0 medium shield (worn)
 x - a +2 leather armour of fire resistance
 A - a +0 helmet
 D - a +0 pair of gloves (worn)
 F - a +0 chain mail (worn)
Jewellery
 g - a ring of see invisible (left hand)
 q - an uncursed ring of wizardry
 C - a ring of poison resistance (right hand)
Wands
 y - a wand of scattershot (7)
Scrolls
 a - a scroll of blinking {unknown}
 d - a scroll of noise {unknown}
 f - 6 scrolls of remove curse
 h - 2 scrolls of enchant weapon {unknown}
 j - 2 scrolls of identify
 m - a scroll of fog {unknown}
 o - a scroll of fear {unknown}
 p - 2 scrolls of magic mapping {unknown}
 s - 4 scrolls of teleportation {unknown}
 u - 2 scrolls of enchant armour {unknown}
 v - a scroll of amnesia {unknown}
Potions
 i - a potion of haste
 k - a potion of berserk rage
 l - 5 potions of curing
 n - a potion of brilliance
 t - 2 potions of flight
 z - a potion of ambrosia
 B - a potion of lignification
Comestibles
 e - 11 rations {!d}


   Skills:
 * Level 8.5 Fighting
   Level 8.5 Short Blades
   Level 8.5 Long Blades
   Level 8.5 Axes
   Level 8.5 Maces & Flails
   Level 8.5 Polearms
   Level 8.5 Staves
 + Level 7.5 Armour
 + Level 7.5 Shields
   Level 8.5 Unarmed Combat
 + Level 6.0 Invocations


You had 8 spell levels left.
You didn't know any spells.
Your spell library contained the following spells:

 Spells                   Type           Power        Failure   Level  Hunger
 Animate Skeleton         Necr           N/A          100%        1    ##.....
 Beastly Appendage        Tmut           #.....       100%        1    ##.....
 Pain                     Necr           #.....       100%        1    ##.....
 Sticks to Snakes         Tmut           #.......     100%        2    ###....
 Regeneration             Chrm/Necr      #.........   100%        3    ####...
 Spider Form              Tmut/Pois      #..          100%        3    ####...
 Vampiric Draining        Necr           #.........   100%        3    ####...
 Animate Dead             Necr           N/A          100%        4    #####..
 Ice Form                 Ice/Tmut       #.......     100%        4    #####..
 Blade Hands              Tmut           #.........   100%        5    ######.
 Bolt of Draining         Conj/Necr      #.........   100%        5    ######.


Dungeon Overview and Level Annotations

Branches:
Dungeon (7/12)             Temple (0/1) D:5
   Lair: D:7-9

Altars:
Dithmenos
Fedhas
Qazlal


Innate Abilities, Weirdness & Mutations

You have a pair of small horns on your head.
You are partially covered in icy blue scales. (AC +2)
Your spells are a little harder to cast, but a little more powerful.


Message History

You block the killer bee's attack. You block the two-headed ogre's attack.
The two-headed ogre hits you but does no damage.
You climb upwards.
There is a stone staircase leading down here.
Your chain mail prevents you from hitting the killer bee.
Your headbutt misses the killer bee. You block the killer bee's attack.
The killer bee stings you.
* * * LOW HITPOINT WARNING * * *
You completely miss the killer bee. You headbutt the killer bee.
The killer bee is lightly wounded.
The killer bee stings you.
* * * LOW HITPOINT WARNING * * *
You block the two-headed ogre's attack.
The two-headed ogre hits you but does no damage.
The killer bee stings you but does no damage.
You hit the killer bee.
The killer bee is moderately wounded.
The killer bee stings you but does no damage.
The two-headed ogre hits you with a +0 giant club!!
You die...

..#............).........<..#....
###.........................#####
..##############....####.........
...........# #....#..#.........
...........# #....'..#.........
...........# #(...#..'....(....
.##'##..##.# #....####.........
.##.######.#####y...# ######'###
..#............#@...# #.....#..
..#....!.......#.O..# #.....#.)
..#............#....# #.....#..
..#............#....# #.....#..
#####...###...##....# ##..#..#.
#####...###...#.....# ##..#####
..............#.....# #....#
....<.........#.....# #....#
.........##...#.....######'######


You could see a two-headed ogre and a killer bee.

Vanquished Creatures
  Pikel (D:5)
  The ghost of Quickbrownfox the Shooter, a novice CeWr (D:4)
  The ghost of yrara the Cudgeler, an amateur DsFi (D:4)
  Eustachio (D:4)
  A steam dragon (D:6)
  Duvessa (D:5)
  Edmund (D:6)
  A sky beast (D:5)
  An ice beast (D:3)
  2 slaves (D:5)
  A centaur (D:6)
  A bullfrog (D:7)
  Dowan (D:5)
  4 howler monkeys
  4 crimson imps (D:4)
  5 hounds
  2 jellies (D:7)
  2 orc priests (D:7)
  5 orc wizards
  A centaur skeleton (D:3)
  6 worker ants
  A hound skeleton (D:7)
  Robin (D:4)
  2 worker ant zombies (D:5)
  A gnoll (D:5)
  9 adders
  2 howler monkey skeletons (D:4)
  An ooze (D:3)
  4 worms
  4 dart slugs
  5 leopard geckos
  16 orcs
  3 ball pythons
  6 bats (D:1)
  6 giant cockroaches
  12 goblins
  8 hobgoblins
  9 jackals
  4 quokkas
  A frilled lizard (D:3)
  9 kobolds
  A quokka skeleton (D:4)
  5 rats
153 creatures vanquished.

Vanquished Creatures (others)
  Sigmund (D:5)
  An adder (D:5)
  An orc (D:4)
  2 hobgoblins (D:4)
  A goblin (D:4)
  2 withered plants (D:4)
8 creatures vanquished.

Grand Total: 161 creatures vanquished

Notes
Turn   | Place    | Note
-------+----------+-------------------------------------------
     0 | D:1      | Freyura the Hill Orc Fighter began the quest for the Orb.
     0 | D:1      | Reached XP level 1. HP: 20/20 MP: 1/1
   108 | D:1      | Reached XP level 2. HP: 27/27 MP: 2/2
   415 | D:1      | Reached XP level 3. HP: 34/34 MP: 3/3
  1564 | D:3      | Reached XP level 4. HP: 41/41 MP: 4/4
  1842 | D:3      | Reached skill level 5 in Fighting
  1842 | D:3      | Reached XP level 5. HP: 37/48 MP: 5/5
  1970 | D:3      | Noticed an ice beast
  1983 | D:3      | Killed an ice beast
  1986 | D:3      | Reached XP level 6. HP: 38/56 MP: 6/6
  2795 | D:3      | Found a stormy altar of Qazlal.
  3429 | D:4      | Found a runed translucent gate.
  3429 | D:4      | Found a runed translucent gate.
  3429 | D:4      | Found a runed translucent gate.
  3429 | D:4      | Noticed yrara's ghost (amateur DsFi)
  3430 | D:4      | Noticed Quickbrownfox's ghost (novice CeWr)
  3433 | D:4      | Noticed Eustachio
  3455 | D:4      | Reached skill level 5 in Armour
  3455 | D:4      | Reached skill level 5 in Shields
  3455 | D:4      | Reached XP level 7. HP: 34/62 MP: 7/7
  3485 | D:4      | Killed Eustachio
  3485 | D:4      | Reached skill level 6 in Fighting
  3836 | D:4      | Became a worshipper of Beogh the Brigand
  3859 | D:4      | Noticed Robin
  3864 | D:4      | Killed Robin
  3942 | D:4      | Reached skill level 1 in Invocations
  4200 | D:4      | Found a blossoming altar of Fedhas.
  4201 | D:4      | Found a shadowy altar of Dithmenos.
  4358 | D:4      | Killed Quickbrownfox's ghost
  4358 | D:4      | Reached XP level 8. HP: 71/71 MP: 8/10
  4359 | D:4      | Killed yrara's ghost
  4359 | D:4      | Reached skill level 7 in Fighting
  4397 | D:5      | Entered Level 5 of the Dungeon
  4608 | D:5      | Noticed Duvessa
  4615 | D:5      | Noticed Dowan
  4627 | D:5      | Killed Dowan
  4636 | D:5      | Killed Duvessa
  4659 | D:5      | Noticed Pikel
  4675 | D:5      | HP: 3/73 [Pikel/+1 whip of flaming (1)]
  4677 | D:5      | Killed Pikel
  4677 | D:5      | Reached XP level 9. HP: 4/81 MP: 10/12
  4910 | D:5      | Killed Sigmund
  5044 | D:5      | Reached * piety under Beogh
  5062 | D:5      | Found a staircase to the Ecumenical Temple.
  5165 | D:5      | Reached skill level 5 in Invocations
  5568 | D:6      | Reached skill level 8 in Fighting
  5769 | D:6      | Found a shadowy altar of Dithmenos.
  6236 | D:6      | Noticed Edmund
  6257 | D:6      | Killed Edmund
  6573 | D:6      | Got a fine flail
  6579 | D:6      | Identified the +5 flail "Sacij" {crush, Str+6} (You found
                  | it on level 6 of the Dungeon)
  6653 | D:6      | Gained mutation: Your spells are a little harder to cast,
                  | but a little more powerful. [potion of mutation]
  6653 | D:6      | Gained mutation: You are partially covered in icy blue
                  | scales. (AC +2) [potion of mutation]
  6653 | D:6      | Gained mutation: You have a pair of small horns on your
                  | head. [potion of mutation]
  6821 | D:7      | Noticed a two-headed ogre
  6834 | D:6      | Mangled by a two-headed ogre

Skill      XL: |  1  2  3  4  5  6  7  8  9 |
---------------+----------------------------+-----
Armour         | 4 5 6 7 |  7.5
Shields        | 4 5 6 7 |  7.5
Fighting       | 5 6 7 8 |  8.5
Invocations    | 2 4 6 |  6.0
Short Blades   | |  8.5
Long Blades    | |  8.5
Axes           | |  8.5
Maces & Flails | |  8.5
Polearms       | |  8.5
Staves         | |  8.5
Unarmed Combat | |  8.5

Action                   |  1- 3 |  4- 6 |  7- 9 || total
-------------------------+-------+-------+-------++-------
Melee: Flail             |   184 |   137 |   138 ||   459
       War axe           |       |    66 |   104 ||   170
       Headbutt          |       |       |    10 ||    10
Invok: Convert to Beogh  |       |       |     1 ||     1
  Use: Scroll            |     5 |     1 |     6 ||    12
       Potion            |       |       |     6 ||     6
 Stab: Sleeping          |       |       |     1 ||     1
  Eat: Chunk             |     2 |     7 |     7 ||    16
       Ration            |       |       |     1 ||     1
Armor: Scale mail        |   115 |    97 |    28 ||   240
       Leather armour    |       |       |    37 ||    37
       Chain mail        |       |       |    26 ||    26
Dodge: Dodged            |    63 |    63 |    70 ||   196
Block: Medium shield     |   122 |    95 |   159 ||   376
